 Dungeon Crawl Stone Soup version 0.24.0-13-gcf9b3192b9 (webtiles) character file.

Game seed: 8768498061030040805, levelgen mode: deterministic

43 Metae the Vandal (level 3, -6/25 HPs)
             Began as a Halfling Hunter on Nov 8, 2019.
             Mangled by Crazy Yiuf
             ... wielding a +4 quarterstaff of chaos
              (9 damage)
             ... on level 2 of the Dungeon.
             The game lasted 00:05:21 (1628 turns).

Metae the Vandal (Halfling Hunter)                  Turns: 1628, Time: 00:05:22

Health: -6/25      AC:  3    Str: 18    XL:     3   Next: 82%
Magic:  3/3        EV: 14    Int:  9    God:
Gold:   13         SH:  0    Dex: 15    Spells: 2/2 levels left

rFire    . . .     SeeInvis .   a - +1 hunting sling
rCold    . . .     Gourm    .   (shield restricted)
rNeg     . . .     Faith    .   c - +0 leather armour
rPois    .         Spirit   .   (no helmet)
rElec    .         Reflect  .   (no cloak)
rCorr    .         Harm     .   (no gloves)
MR       .....                  (no boots)
Stlth    ++........             (no amulet)
HPRegen  0.08/turn              (no ring)
MPRegen  0.08/turn              (no ring)

@: mighty
A: small, mutation resistance 1
a: no special abilities


You were on level 2 of the Dungeon.
You were not hungry.

You visited 1 branch of the dungeon, and saw 2 of its levels.

You collected 13 gold pieces.

Inventory:

Hand Weapons
 a - a +1 hunting sling (weapon)
 b - a +0 short sword
Missiles
 d - 30 sling bullets (quivered)
 o - 14 stones
Armour
 c - a +0 leather armour (worn)
 m - a +1 robe of fire resistance
Scrolls
 i - a scroll of remove curse
 n - a scroll of immolation
Potions
 e - 2 potions of curing
 h - a potion of might
 j - a potion of degeneration {unknown}
 l - a potion of agility {unknown}


   Skills:
 + Level 2.7 Fighting
 - Level 5.8(6.2) Slings
 + Level 2.0(3.3) Throwing
 - Level 2.1 Dodging
 - Level 1.1 Stealth


You had 2 spell levels left.
You didn't know any spells.
Your spell library was empty.

Dungeon Overview and Level Annotations

Branches:
Dungeon (2/15)

Altars:

Annotations:
D:2 Crazy Yiuf


Innate Abilities, Weirdness & Mutations

You are small and have problems with some larger weapons.
You are somewhat resistant to further mutation.


Message History

Crazy Yiuf is severely wounded.
Crazy Yiuf barely misses you.
Firing (i - inventory. (/) - cycle)
d - 31 sling bullets (quivered)
Press: ? - help, Shift-Dir - straight line, f/p - Crazy Yiuf
Aim: Crazy Yiuf, wielding a +4 quarterstaff of chaos and wearing a +0 cloak (severely wounded)
You shoot a sling bullet.
The sling bullet barely misses Crazy Yiuf.
Crazy Yiuf hits you with a +4 quarterstaff of chaos!
* * * LOW HITPOINT WARNING * * *
Crazy Yiuf burns you.
* * * LOW HITPOINT WARNING * * *
You are too injured to fight recklessly!
You are too injured to fight recklessly!
You are too injured to fight recklessly!
You are too injured to fight recklessly!
You completely miss Crazy Yiuf.
Crazy Yiuf is severely wounded.
Crazy Yiuf says, "Buddy toodlewoodle senile!"
Crazy Yiuf hits you with a +4 quarterstaff of chaos!
You die...

# .# ###.# .... ##.#
##############..####
#...(......##.......
#...g.........#.#####
#..<@................
#..........##########
#..........#
#..........#
#..........#
############


You could see Crazy Yiuf.

Vanquished Creatures
  2 adders (D:2)
  A worm (D:2)
  A dart slug (D:2)
  A leopard gecko (D:1)
  A goblin (D:1)
  3 hobgoblins
  2 jackals (D:1)
  3 kobolds (D:1)
  3 bats (D:1)
  A frilled lizard (D:1)
18 creatures vanquished.

Notes
Turn   | Place    | Note
-------+----------+-------------------------------------------
     0 | D:1      | Metae the Halfling Hunter began the quest for the Orb.
     0 | D:1      | Reached XP level 1. HP: 14/14 MP: 1/1
   253 | D:1      | Reached skill level 1 in Throwing
   253 | D:1      | Reached XP level 2. HP: 19/19 MP: 2/2
   768 | D:2      | Reached XP level 3. HP: 22/25 MP: 3/3
  1221 | D:2      | Found a runed translucent door.
  1222 | D:2      | Noticed Crazy Yiuf
  1628 | D:2      | Mangled by Crazy Yiuf

Levels and vault maps discovered:
D:1:      evilmike_arrival_plus, layout_loops_ring, minmay_fountain_box
D:2:      layout_rooms, yredelemnul_forgotten_temple_becter, minmay_hedge_maze,
          minmay_misc_feat_four_crosses, hex_large, uniq_crazy_yiuf_cottage

Skill      XL: |  1  2  3 |
---------------+----------+-----
Fighting       | 2 |  2.7
Throwing       | 1 2 |  2.0
Slings         | |  5.8
Dodging        | |  2.1
Stealth        | |  1.1

Action                   || total
-------------------------++-------
Melee: Hunting sling     ||     2
 Fire: Hunting sling     ||    69
  Use: Scroll            ||     5
       Potion            ||     1
  Eat: Ration            ||     1
Armor: Leather armour    ||     2
Dodge: Dodged            ||    21
